 Dungeon Crawl Stone Soup version 0.19.1-1-g22dce08 (webtiles) character file.

691 ponk the Slasher (level 7, -9/46 HPs)
             Began as a Demonspawn Gladiator on Jan 8, 2017.
             Was an Initiate of Makhleb.
             Mangled by a two-headed ogre
             ... wielding a +0 giant club
              (11 damage)
             ... on level 6 of the Dungeon.
             The game lasted 00:28:44 (6526 turns).

ponk the Slasher (Demonspawn Gladiator)             Turns: 6526, Time: 00:28:49

Health: -9/46      AC: 16    Str: 17      XL:     7   Next: 36%
Magic:  7/7        EV:  8    Int: 10      God:    Makhleb [......]
Gold:   75         SH:  0    Dex: 12 (13) Spells: 0 memorised, 6 levels left

rFire  . . .     SeeInvis +     a - +1 long sword (freeze)
rCold  . . .     Gourm    .     u - +0 chain mail
rNeg   . . .     Faith    .     (no shield)
rPois  .         Spirit   .     f - +2 helmet {SInv}
rElec  .         Reflect  .     t - +0 cloak
rCorr  +         Harm     .     (no gloves)
MR     +....     Clarity  +     i - +0 pair of boots
Stlth  ..........               (no amulet)
                                p - ring of protection from magic
                                l - ring of resist corrosion

@: no status effects
A: hooves 2, thin metallic scales 1, clarity, demonic guardian 1, deterioration
1, frail 1, nightstalker 1
a: Renounce Religion


You were on level 6 of the Dungeon.
You worshipped Makhleb.
Makhleb was noncommittal.
You were not hungry.

You visited 2 branches of the dungeon, and saw 7 of its levels.

You collected 358 gold pieces.
You spent 283 gold pieces at shops.

Inventory:

Hand Weapons
 a - a +1 long sword of freezing (weapon)
 h - a +1 flail of venom
Missiles
 d - 2 throwing nets (quivered)
Armour
 f - a +2 helmet of see invisible (worn)
 i - a +0 pair of boots (worn)
 t - a +0 cloak (worn)
 u - a +0 chain mail (worn)
Jewellery
 l - a ring of resist corrosion (left hand)
 p - a ring of protection from magic (right hand)
Wands
 c - a wand of enslavement (7/24)
 v - a wand of teleportation (2/9)
Scrolls
 b - a scroll of magic mapping
 k - a scroll of blinking
 m - 3 scrolls of teleportation
 s - a scroll of recharging
Potions
 e - a potion of haste
 j - a potion of curing
Comestibles
 g - 3 slices of pizza
 q - a meat ration
 r - a fruit


   Skills:
 + Level 3.2 Fighting
 + Level 4.7 Long Blades
 + Level 2.6 Maces & Flails
 + Level 2.1 Throwing
 + Level 3.2 Armour
 + Level 3.6 Dodging
 + Level 2.2 Stealth


You had 6 spell levels left.
You didn't know any spells.

Dungeon Overview and Level Annotations

Branches:
Dungeon (6/15)             Temple (1/1) D:5

Altars:
Ashenzari
Cheibriados
Dithmenos
Elyvilon
Fedhas
Gozag
Hepliaklqana
Kikubaaqudgha
Makhleb
Nemelex Xobeh
Okawaru
Qazlal
Ru
Sif Muna
Trog
Uskayaw
Vehumet
Xom
Yredelemnul
Zin
The Shining One

Shops:
D:5 *


Innate Abilities, Weirdness & Mutations

You have hoof-like feet.
You are partially covered in thin metallic scales. (AC +2)
A weak demonic guardian rushes to your aid.
You are slightly more attuned to the shadows.
You possess an exceptional clarity of mind.
Your body sometimes deteriorates upon taking damage.
You are frail. (-10% HP)


Message History

The two-headed ogre struggles against the net.
The two-headed ogre struggles against the net.
There is an escape hatch in the floor here.
Found a dagger.
You start resting.
You don't know any spells.
There's nothing to close nearby.
Evoke which item? (* to show all) (? for menu, Esc to quit)
Zapping:
c - a wand of enslavement (will waste charges)
Press: ? - help, Shift-Dir - straight line, f/p - two-headed ogre
Aim: a two-headed ogre, wielding a giant club and a dire flail (heavily wounded, chance to defeat MR: 28%)
The two-headed ogre easily resists.
Evoking this partially-identified wand wasted a few charges.
You hit the two-headed ogre but do no damage.
The two-headed ogre is heavily wounded.
The two-headed ogre hits you with a giant club!
* * * LOW HITPOINT WARNING * * *
Your body deteriorates!
You feel clumsy.
The two-headed ogre hits you with a dire flail!
You die...

#### #..## #.5.###
### ##.)O..#
###.######...#@##
###..........#####
.............#
######.......#
#.......# # #.......#
# ##.<....O# ######..
#
##.......>####.......
# ##...##.......O.#


You could see a two-headed ogre and a friendly iron imp.

Vanquished Creatures
  A scorpion (D:6)
  A howler monkey (D:6)
  2 crimson imps (D:5)
  A hound (D:4)
  2 orc priests
  An iguana (D:5)
  2 worker ants (D:4)
  A howler monkey zombie (D:5)
  9 adders
  A gnoll (D:2)
  2 oozes
  4 worms
  2 dart slugs (D:1)
  3 leopard geckos
  11 orcs
  4 giant cockroaches
  8 goblins
  7 hobgoblins
  2 jackals (D:2)
  10 kobolds
  6 quokkas
  5 ball pythons
  4 bats
  5 frilled lizards
  2 jackal skeletons (D:4)
  2 quokka skeletons
  8 rats
106 creatures vanquished.

Vanquished Creatures (collateral kills)
  A sky beast (D:5)
  An ogre (D:5)
  An orc priest (D:4)
  3 gnolls (D:2)
  2 orcs (D:4)
8 creatures vanquished.

Grand Total: 114 creatures vanquished

Notes
Turn   | Place    | Note
-------+----------+-------------------------------------------
     0 | D:1      | ponk the Demonspawn Gladiator began the quest for the Orb.
     0 | D:1      | Reached XP level 1. HP: 16/16 MP: 1/1
   189 | D:1      | Gained mutation: You are slightly more attuned to the shadows. [demonic ancestry]
   189 | D:1      | Reached XP level 2. HP: 22/22 MP: 2/2
   249 | D:1      | Reached skill level 3 in Long Blades
   803 | D:2      | Gained mutation: A weak demonic guardian rushes to your aid. [demonic ancestry]
   803 | D:2      | Reached XP level 3. HP: 22/27 MP: 3/3
  1150 | D:2      | Reached XP level 4. HP: 8/33 MP: 4/4
  1227 | D:2      | Reached skill level 1 in Armour
  1844 | D:3      | Found a bloodstained altar of Trog.
  1851 | D:3      | Reached skill level 4 in Long Blades
  1995 | D:3      | Gained mutation: You are partially covered in thin metallic scales. (AC +2) [demonic ancestry]
  1995 | D:3      | Reached XP level 5. HP: 39/39 MP: 5/5
  2224 | D:3      | Gained mutation: Your body sometimes deteriorates upon taking damage. [potion of mutation]
  2224 | D:3      | Gained mutation: You are frail. (-10% HP) [potion of mutation]
  2224 | D:3      | Gained mutation: You possess an exceptional clarity of mind. [potion of mutation]
  3056 | D:4      | Reached skill level 1 in Stealth
  3903 | D:4      | Gained mutation: You have large cloven feet. [demonic ancestry]
  3903 | D:4      | Reached XP level 6. HP: 11/41 MP: 6/6
  4510 | D:5      | Entered Level 5 of the Dungeon
  4631 | D:5      | Found Veeddix's Assorted Antiques.
  4896 | D:5      | Noticed a sky beast
  4903 | D:5      | Killed a sky beast
  4903 | D:5      | Reached skill level 1 in Maces & Flails
  5026 | D:5      | Gained mutation: You have hoof-like feet. [demonic ancestry]
  5026 | D:5      | Reached XP level 7. HP: 39/46 MP: 7/7
  5215 | D:5      | Found a staircase to the Ecumenical Temple.
  5221 | Temple   | Entered the Ecumenical Temple
  5326 | Temple   | Became a worshipper of Makhleb the Destroyer
  5742 | D:5      | Bought a runed helmet for 283 gold pieces
  6498 | D:6      | Noticed a two-headed ogre
  6526 | D:6      | HP: 2/46 [two-headed ogre/giant club (13)]
  6526 | D:6      | Mangled by a two-headed ogre

Skill      XL: |  1  2  3  4  5  6  7 |
---------------+----------------------+-----
Long Blades    | 3 4 |  4.7
Throwing       | 2 |  2.1
Dodging        | 3 |  3.6
Armour         | 1 2 3 |  3.2
Stealth        | 1 2 |  2.2
Fighting       | 3 |  3.2
Maces & Flails | 1 2 |  2.6

Action                   |  1- 3 |  4- 6 |  7- 9 || total
-------------------------+-------+-------+-------++-------
Melee: Long sword        |    68 |   174 |     7 ||   249
       Flail             |       |    70 |    34 ||   104
Throw: Throwing net      |     1 |       |     1 ||     2
Evoke: Wand              |       |       |     1 ||     1
  Use: Scroll            |     4 |     9 |     4 ||    17
       Potion            |       |     5 |     2 ||     7
 Stab: Sleeping          |     4 |     5 |       ||     9
       Distracted        |       |     2 |       ||     2
  Eat: Chunk             |     1 |     6 |     1 ||     8
       Bread ration      |       |     1 |     1 ||     2
       Royal jelly       |       |     1 |       ||     1
Armor: Leather armour    |    29 |       |       ||    29
       Ring mail         |       |    49 |       ||    49
       Scale mail        |       |    51 |       ||    51
       Chain mail        |       |     9 |    30 ||    39
Dodge: Dodged            |    69 |   182 |    17 ||   268
       Rpst.: Long sword |    23 |    34 |       ||    57
